 Dungeon Crawl Stone Soup version 0.24-a0-516-g9de272bb65 (webtiles) character file.

Game seed: 18291670080907229199

30 AarnesTheHuman the Ogre Mage (level 3, -1/35 HPs)
             Began as an Ogre Wizard on July 21, 2019.
             Slain by Terence
             ... wielding a +3 mace of crushing
              (2 damage)
             ... on level 2 of the Dungeon.
             The game lasted 00:05:05 (800 turns).

AarnesTheHuman the Ogre Mage (Ogre Wizard)           Turns: 800, Time: 00:05:06

Health: -1/35      AC:  3    Str: 11    XL:     3   Next: 18%
Magic:  5/8        EV: 10    Int: 20    God:
Gold:   15         SH:  0    Dex:  7    Spells: 7/10 levels left

rFire    . . .     SeeInvis .   c - +0 dagger
rCold    . . .     Gourm    .   (no shield)
rNeg     . . .     Faith    .   a - +0 robe
rPois    .         Spirit   .   b - +0 hat
rElec    .         Reflect  .   (no cloak)
rCorr    .         Harm     .   (gloves unavailable)
MR       .....                  (boots unavailable)
Stlth    +.........             (no amulet)
HPRegen  0.11/turn              (no ring)
MPRegen  0.11/turn              (no ring)

@: no status effects
A: large, unfitting armour, tough skin 1
a: no special abilities


You were on level 2 of the Dungeon.
You were not hungry.

You visited 1 branch of the dungeon, and saw 2 of its levels.

You collected 15 gold pieces.

Inventory:

Hand Weapons
 c - a +0 dagger (weapon)
 e - a +0 short sword
Armour
 a - a +0 robe (worn)
 b - a +0 hat (worn)
Jewellery
 i - a cursed ring of attention {unknown}
Scrolls
 g - 2 scrolls of enchant weapon {unknown}
Potions
 h - a potion of haste {unknown}
Comestibles
 d - 2 rations
 f - 8 chunks of flesh


   Skills:
 + Level 1.7 Fighting
 - Level 1.7 Dodging
 - Level 1.4 Stealth
 + Level 4.0 Spellcasting
 + Level 1.5 Conjurations
 * Level 1.4 Summonings
   Level 0.8 Translocations


You had 7 spell levels left.
You knew the following spells:

 Your Spells              Type           Power        Failure   Level  Hunger
a - Magic Dart            Conj           ##..         7%          1    None
b - Call Imp              Summ           #.......     11%         2    #......

Your spell library contained the following spells:

 Spells                   Type           Power        Failure   Level  Hunger
 Blink                    Tloc           N/A          14%         2    #......
 Slow                     Hex            #.......     19%         2    #......
 Conjure Flame            Conj/Fire      #.......     28%         3    ###....
 Mephitic Cloud           Conj/Pois/Air  #.......     30%         3    ###....


Dungeon Overview and Level Annotations

Branches:
Dungeon (1/15)

Altars:

Annotations:
D:2 Robin, Terence


Innate Abilities, Weirdness & Mutations

You are too large for most types of armour.
You have tough skin. (AC +1)


Message History

* * * LOW HITPOINT WARNING * * *
Robin's bangles clink loudly.
You feel sick.
You feel sick.
Found 17 sling bullets.
You feel sick.
Some of the chunks of flesh in your inventory have rotted away.
You feel sick.
You feel sick.
You feel sick.
You are no longer poisoned.
Some of the chunks of flesh in your inventory have rotted away.
Terence the Incautious comes into view.
He is wielding a +3 mace of crushing.
Terence shouts!
You hit Terence.
Terence is lightly wounded.
The orc hits you with a +0 hand axe.
* * * LOW HITPOINT WARNING * * *
Terence hits you with a +3 mace of crushing.
You die...

##..####..#.##.###
#..# #..#....g.#
#... ....####.#g#
#.#####.## #.#g#
#.# #. ..#.# #..
.. ####g# #g# #o#
#@# ......@.#
.#####..# #..#
...# ##.## .. ##


You could see Terence, an orc and 5 goblins.

Vanquished Creatures
  2 dart slugs (D:1)
  A leopard gecko (D:1)
  3 hobgoblins (D:1)
  4 jackals (D:1)
  A ball python (D:1)
  A bat (D:1)
  2 frilled lizards (D:1)
  4 goblins
  3 kobolds (D:1)
  2 rats (D:1)
  A toadstool (D:1)
24 creatures vanquished.

Vanquished Creatures (others)
  3 toadstools (D:1)
3 creatures vanquished.

Grand Total: 27 creatures vanquished

Notes
Turn   | Place    | Note
-------+----------+-------------------------------------------
     0 | D:1      | AarnesTheHuman the Ogre Wizard began the quest for the Orb.
     0 | D:1      | Reached XP level 1. HP: 16/16 MP: 5/5
    54 | D:1      | Reached skill level 1 in Conjurations
   198 | D:1      | Reached skill level 1 in Fighting
   207 | D:1      | Reached XP level 2. HP: 10/27 MP: 0/6
   396 | D:1      | Learned a level 2 spell: Call Imp
   478 | D:1      | Reached skill level 1 in Summonings
   718 | D:1      | Reached XP level 3. HP: 35/35 MP: 0/8
   750 | D:1      | You fall into a shaft and drop 1 floor!
   760 | D:2      | Reached skill level 4 in Spellcasting
   764 | D:2      | Noticed Robin
   799 | D:2      | Noticed Terence
   800 | D:2      | HP: 1/35 [orc/+0 hand axe (6)]
   800 | D:2      | Slain by Terence

Levels and vault maps discovered:
D:1:      ldierk_water_garden, layout_basic
D:2:      layout_loops_cross, uniq_terence, uniq_robin

Skill      XL: |  1  2  3 |
---------------+----------+-----
Conjurations   | 1 |  1.5
Fighting       | 1 |  1.7
Summonings     | 1 |  1.4
Spellcasting   | 4 |  4.0
Dodging        | |  1.7
Stealth        | |  1.4
Translocations | |  0.8

Action                   || total
-------------------------++-------
Melee: Dagger            ||    39
       Unarmed           ||     7
 Cast: Magic Dart        ||    43
Armor: Robe              ||     9
Dodge: Dodged            ||    29

Table legend:
 A = Non-vault XP
 B = Vault XP
 C = Vault XP percentage of total XP
 D = Non-vault monster count
 E = Vault monster count
 F = Vault count percentage of total count
                 A         B        C        D         E       F
            +---------+---------+-------+---------+---------+-------
      Total |      39 |       4 |   9.3 |      21 |       2 |   8.7
            +---------+---------+-------+---------+---------+-------
        D:1 |      39 |       0 |   0.0 |      21 |       0 |   0.0
        D:2 |       0 |       4 | 100.0 |       0 |       2 | 100.0
            +---------+---------+-------+---------+---------+-------
